 Dungeon Crawl Stone Soup version 0.28.0-43-g3370ac3207 (webtiles) character file.

Game seed: 16064400391479801431

3115 styxcanada the Thaumaturge (level 9, -4/46 HPs)
             Began as a Deep Elf Fire Elementalist on Mar 1, 2022.
             Was a Believer of Vehumet.
             Slain by a manticore (7 damage)
             ... on level 9 of the Dungeon.
             The game lasted 00:48:41 (9850 turns).

styxcanada the Thaumaturge (DEFE)                   Turns: 9850, Time: 00:48:42

Health: -4/46      AC: 11    Str: 11    XL:     9   Next: 60%
Magic:  23/23      EV: 13    Int: 25    God:    Vehumet [**....]
Gold:   388        SH:  0    Dex: 19    Spells: 13/25 levels left

rFire   + . .      SeeInvis .   e - +1 short sword
rCold   x . .      Faith    .   (no shield)
rNeg    . . .      Spirit   .   G - +0 swamp dragon scales
rPois   +          Reflect  .   v - +2 helmet
rElec   .          Harm     .   k - scarf {repulsion}
rCorr   .          Rampage  .   (no gloves)
Will    +....                   (no boots)
Stlth   +++.......              (no amulet)
HPRegen 0.15/turn               t - ring of fire
MPRegen 0.18/turn               l - ring "Rachuir" {Will+ Str+4 Dex+4}

@: invisible, repel missiles
A: talons 1, mutation resistance 1, strong 1
a: Renounce Religion


You were on level 9 of the Dungeon.
You worshipped Vehumet.
Vehumet was pleased with you.
You visited 2 branches of the dungeon, and saw 10 of its levels.
You also visited: Ossuary.

You collected 388 gold pieces.

Inventory:

Hand Weapons
 a - a +0 hunting sling
 e - a +1 short sword (weapon)
 m - a +2 dagger of venom
Missiles
 b - 187 stones
 g - 12 poisoned darts (quivered)
 r - 2 silver javelins
 u - 15 sling bullets
 H - a throwing net
Armour
 k - a scarf of repulsion (worn)
 o - a +0 cloak
 p - a +0 buckler
 v - a +2 helmet (worn)
 G - +0 swamp dragon scales (worn)
Magical Staves
 f - a staff of fire
Jewellery
 d - a +6 ring of dexterity
 j - a ring of wizardry
 l - the ring "Rachuir" (right hand) {Will+ Str+4 Dex+4}
   (You found it on level 2 of the Dungeon)

   [ring of willpower]

   Str:       It affects your strength (+4).
   Dex:       It affects your dexterity (+4).
   Will:      It increases your willpower.
 t - a ring of fire (left hand)
Wands
 x - a wand of polymorph (2)
 z - a wand of charming (1)
 F - a wand of mindburst (13)
Scrolls
 c - 3 scrolls of immolation
 w - 4 scrolls of teleportation
 y - a scroll of amnesia
Potions
 h - 2 potions of mutation
 i - a potion of cancellation
 n - a potion of curing
 q - a potion of brilliance
 A - 3 potions of magic
 B - a potion of might {unknown}
 C - 2 potions of haste {unknown}
 D - a potion of flight {unknown}
 E - a potion of ambrosia {unknown}


   Skills:
 + Level 0.4 Fighting
 + Level 0.2 Staves
 + Level 0.6 Throwing
 * Level 3.4 Armour
 + Level 6.2 Dodging
 + Level 6.1 Stealth
 + Level 8.9 Spellcasting
 + Level 3.3 Conjurations
 + Level 8.3 Fire Magic
 * Level 4.4 Evocations


You had 13 spell levels left.
You knew the following spells:

 Your Spells              Type           Power      Damage    Failure   Level
a - Foxfire               Conj/Fire      100%       2x1d9     1%          1
b - Scorch                Fire           100%       2d10      1%          2
c - Conjure Flame         Conj/Fire      57%        6-21      3%          3
d - Flame Wave            Conj/Fire      57%        2d11      12%         4
e - Magic Dart            Conj           100%       1d8       3%          1
f - Sting                 Tmut/Pois      44%        1d5       13%         1

Your spell library contained the following spells:

 Spells                   Type           Power      Damage    Failure   Level
 Static Discharge         Conj/Air       19%        N/A       10%         2
 Inner Flame              Hex/Fire       48%        N/A       7%          3
 Ignite Poison            Fire/Tmut/Pois 37%        N/A       12%         3
 Beastly Appendage        Tmut           22%        N/A       13%         1
 Stone Arrow              Conj/Erth      38%        3d9       19%         3
 Animate Armour           Summ/Erth      22%        N/A       77%         4
 Animate Dead             Necr           5%         N/A       77%         4
 Borgnjor's Vile Clutch   Necr/Erth      5%         N/A       98%         5
 Death Channel            Necr           5%         N/A       100%        6
 Dragon Form              Tmut           5%         N/A       100%        7
 Borgnjor's Revivificati  Necr           5%         N/A       100%        8
 Ignition                 Fire           34%        3d10      100%        8
 Lehudib's Crystal Spear  Conj/Erth      9%         10d4      100%        8
 Necromutation            Tmut/Necr      5%         N/A       100%        8


Dungeon Overview and Level Annotations

Branches:
Dungeon (9/15)             Temple (1/1) D:4         Ossuary (visited)
   Lair: D:8-11         Orc: D:9-12

Altars:
Ashenzari
Cheibriados
Dithmenos
Elyvilon
Fedhas
Gozag
Hepliaklqana
Kikubaaqudgha
Makhleb
Nemelex Xobeh
Okawaru
Qazlal
Ru
Sif Muna
Trog
Uskayaw
Vehumet
Wu Jian
Xom
Yredelemnul
Zin
The Shining One

Shops:
D:3 =   D:4 (

Annotations:
D:8 Erica


Innate Abilities, Weirdness & Mutations

You have sharp toenails.
You are somewhat resistant to further mutation.
Your muscles are strong. (Str +2)


Message History

The manticore flicks its tail.
The volley of spikes misses you. The water moccasin bites you.
* * * LOW HITPOINT WARNING * * *
The water moccasin bites you.
* * * LOW HITPOINT WARNING * * *
You open the door. The water moccasin bites you.
* * * LOW HITPOINT WARNING * * *
The water moccasin bites you but does no damage.
There is an open door here.
You fade into invisibility!
The water moccasin bites you but does no damage.
The manticore flicks its tail.
The volley of spikes hits the water moccasin!
The water moccasin hisses angrily.
Okay, then.
You hit the water moccasin. Your kick misses the water moccasin.
The water moccasin is severely wounded.
The water moccasin completely misses you.
The water moccasin barely misses you.
You hit the water moccasin. You claw the water moccasin.
The water moccasin is almost dead.
The water moccasin closely misses you.
The water moccasin bites you but does no damage.
You hit the water moccasin but do no damage.
Your kick misses the water moccasin.
The water moccasin is almost dead.
The manticore closely misses you. The manticore completely misses you.
The manticore claws you!
* * * LOW HITPOINT WARNING * * *
The water moccasin bites you but does no damage.
You hit the manticore.
You claw the manticore, but do no damage.
The manticore is lightly wounded.
The water moccasin barely misses you.
The water moccasin completely misses you.
You hit the manticore but do no damage. You claw the manticore.
The manticore is lightly wounded.
The manticore bites you!
You die...

#.......#
#.......#
#.......#
#.......#
##.######
#.# #.##
#HS# ##@#
#.....#
#.....#
#.....#
#.....#
#.....#
#.....#
+.....#


You could see a manticore and a water moccasin.

Vanquished Creatures
  Harold (D:8)
  Maggie (D:7)
  A wyvern (D:8)
  A steam dragon (D:8)
  2 water moccasins
  2 orc warriors
  A hornet zombie (D:7)
  2 ogres (D:6)
  A kobold brigand (D:8)
  A gnoll sergeant (D:8)
  2 bullfrogs (D:7)
  5 wights
  A bullfrog zombie (D:6)
  3 centaur zombies
  3 hounds
  A human zombie (Ossuary)
  2 orc priests
  A jelly (D:6)
  2 bullfrog skeletons
  2 iguanas
  4 orc wizards (D:7)
  A hound zombie (D:5)
  4 mummies (Ossuary)
  10 gnolls
  6 adders
  An adder skeleton (D:5)
  A worm (D:2)
  12 orcs
  3 endoplasms
  A giant cockroach (D:1)
  8 goblins
  4 hobgoblins
  9 kobolds
  A quokka (D:2)
  3 ball pythons
  7 bats
  3 frilled lizards
  A hobgoblin zombie (Ossuary)
  2 kobold zombies (Ossuary)
  2 orc zombies (Ossuary)
  2 quokka zombies (D:7)
  6 rats
126 creatures vanquished.

Vanquished Creatures (others)
  145 foxfires
145 creatures vanquished.

Grand Total: 271 creatures vanquished

Notes
Turn   | Place    | Note
-------+----------+-------------------------------------------
     0 | D:1      | styxcanada the Deep Elf Fire Elementalist began the quest
                  | for the Orb.
     0 | D:1      | Reached XP level 1. HP: 10/10 MP: 6/6
   370 | D:1      | Reached XP level 2. HP: 15/15 MP: 4/8
   485 | D:1      | Found a faded altar of an unknown god.
   559 | D:1      | Learned a level 2 spell: Scorch
  1306 | D:2      | Reached XP level 3. HP: 11/19 MP: 6/10
  1898 | D:2      | Identified the ring "Rachuir" {Will+ Str+4 Dex+4}
  2575 | D:3      | Reached XP level 4. HP: 24/24 MP: 9/12
  2599 | D:3      | Learned a level 3 spell: Conjure Flame
  2822 | D:3      | Found Benk's Jewellery Shoppe.
  3240 | D:4      | Found a staircase to the Ecumenical Temple.
  3279 | Temple   | Entered the Ecumenical Temple
  3596 | Temple   | Became a worshipper of Vehumet
  3912 | D:4      | Reached XP level 5. HP: 28/28 MP: 11/14
  4112 | D:4      | Found Roevih's Antique Weapon Boutique.
  4152 | D:4      | Got the Handbook of Stolen Souls and Heat
  4278 | D:5      | Entered Level 5 of the Dungeon
  4283 | D:5      | Reached skill level 5 in Spellcasting
  4448 | D:5      | Learned a level 4 spell: Flame Wave
  4894 | D:5      | Reached XP level 6. HP: 18/32 MP: 0/15
  4913 | D:5      | Reached skill level 5 in Fire Magic
  5222 | D:6      | Reached skill level 1 in Armour
  5241 | D:6      | Reached skill level 1 in Evocations
  5263 | D:6      | Reached XP level 7. HP: 30/36 MP: 1/17
  5599 | D:6      | Reached skill level 5 in Stealth
  5677 | D:6      | Reached * piety under Vehumet
  5677 | D:6      | Offered knowledge of Magic Dart by Vehumet.
  5681 | D:6      | Learned a level 1 spell: Magic Dart
  6352 | D:7      | Found a sand-covered staircase.
  6385 | Ossuary  | Entered an ossuary
  7149 | D:7      | Reached XP level 8. HP: 41/41 MP: 17/20
  7429 | D:7      | Gained mutation: You are weak. (Str -2) [potion of
                  | mutation]
  7429 | D:7      | Gained mutation: You are somewhat resistant to further
                  | mutation. [potion of mutation]
  7430 | D:7      | Lost mutation: You are somewhat resistant to further
                  | mutation. [potion of mutation]
  7430 | D:7      | Lost mutation: You are weak. (Str -2) [potion of mutation]
  7430 | D:7      | Gained mutation: You have sharp toenails. [potion of
                  | mutation]
  7430 | D:7      | Gained mutation: Your muscles are strong. (Str +2) [potion
                  | of mutation]
  7430 | D:7      | Gained mutation: You are somewhat resistant to further
                  | mutation. [potion of mutation]
  7567 | D:7      | Noticed Maggie
  7577 | D:7      | Killed Maggie
  7845 | D:7      | Found an ancient bone altar of Kikubaaqudgha.
  8090 | D:7      | Reached skill level 5 in Dodging
  8563 | D:8      | Reached XP level 9. HP: 25/45 MP: 15/22
  8700 | D:8      | Noticed Harold
  8793 | D:8      | HP: 1/45 [Harold/+0 vampiric long sword (14)]
  8800 | D:8      | Killed Harold
  9037 | D:8      | Got the Guide on Transmigration
  9101 | D:8      | Reached ** piety under Vehumet
  9103 | D:8      | Offered knowledge of Static Discharge by Vehumet.
  9657 | D:8      | Learned a level 1 spell: Sting
  9809 | D:8      | Noticed Erica
  9832 | D:9      | Noticed a manticore
  9848 | D:9      | HP: 2/46 [manticore (7)]
  9850 | D:9      | Slain by a manticore

Illustrated notes

Levels and vault maps discovered:
D:1:      lemuel_arrival_hallway, layout_loops_ring, basic_ecumenical_altar,
          minmay_misc_feat_tiny
D:2:      kennysheep_six_static_rooms, layout_loops_corners,
          minmay_misc_feat_iff
D:3:      layout_basic, serial_shops, nicolae_diamond_shop, bh_walls_and_bars
D:4:      layout_cave_pools, minmay_temple_entry_grid, serial_shops,
          nicolae_square_shop
D:5:      layout_gridville, minmay_misc_feat_cross, kennysheep_generic_room_9
D:6:      layout_basic
D:7:      layout_cave_pods, kennysheep_mini_moat, enter_ossuary_4, uniq_maggie
D:8:      minmay_chambers_of_sevens, layout_loops_corners,
          minmay_fractal_squares_5, uniq_harold, uniq_erica
D:9:      layout_roguey, david_lair_shrubbed
Temple:   kilobyte_greek_temple

Skill      XL: |  1  2  3  4  5  6  7  8  9 |
---------------+----------------------------+-----
Fire Magic     | 4 5 7 8 |  8.3
Conjurations   | 2 3 |  3.3
Spellcasting   | 4 5 6 7 8 |  8.9
Stealth        | 3 4 5 6 |  6.1
Dodging        | 3 4 5 6 |  6.2
Armour         | 1 2 3 |  3.4
Evocations     | 1 2 3 4 |  4.4
Fighting       | |  0.4
Staves         | |  0.2
Throwing       | |  0.6

Action                   |  1- 3 |  4- 6 |  7- 9 || total
-------------------------+-------+-------+-------++-------
Melee: Unarmed           |     1 |       |       ||     1
       Short sword       |     7 |       |    10 ||    17
       Staff             |     2 |     1 |    19 ||    22
       Dagger            |       |       |     2 ||     2
       Kick              |       |       |     6 ||     6
Throw: Dart              |       |       |    10 ||    10
 Cast: Foxfire           |    38 |    34 |    22 ||    94
       Scorch            |     9 |    30 |   101 ||   140
       Conjure Flame     |       |     2 |    14 ||    16
       Magic Dart        |       |       |    10 ||    10
Evoke: Wand              |       |       |     1 ||     1
  Use: Scroll            |       |     9 |    11 ||    20
       Potion            |       |       |     7 ||     7
 Stab: Sleeping          |       |     1 |     4 ||     5
Armor: Robe              |     6 |     1 |       ||     7
       Leather armour    |       |    11 |    17 ||    28
       Swamp dragon scal |       |       |    24 ||    24
Dodge: Dodged            |    14 |    32 |    96 ||   142
       Repelled          |       |     1 |     1 ||     2
